AoeStats
← HAMADY

Arena

508991623Analyzed
4v4 RM · 7d ago on Sep 25, 2026· 51m 17s· 8 players
Game mode
Random Map
Map size
Large (8 player)
Population
200
Speed
Normal
Resources
Standard
Victory
Conquest
Starting age
Dark Age
Ending age
Imperial Age
RankedLock teamsTeams togetherTeam positionsShared explorationLock speedFull tech treeHidden civsTurbo modeCheats
Victory
Defeat
🇩🇪 Huns · Germany
1350
+12
🇺🇸 Saxons · United States
1337
+13
🇨🇴 Burmese · Colombia
1316
+14
🇨🇴 Teutons · Colombia
1307
+14
🇯🇵 Saxons · Japan
1322
-16
🇦🇺 Saracens · Australia
1272
-13
🇦🇷 Celts · Argentina
1261
-13
🇬🇧 Danes · United Kingdom
1211
-11
rAiDz
3:19 Loom
5:37 Loom
11:04 Feudal Age
15:58 Castle Age
14:02 Horse Collar
14:24 Double-Bit Axe
16:47 Wheelbarrow
16:44 Heavy Plow
16:54 Bow Saw
16:37 Gold Mining
23:19 Hand Cart
23:24 Stone Mining
25:44 Gold Shaft Mining
28:38 Town Watch
29:01 Scale Barding Armor
29:07 Forging
28:58 Husbandry
29:09 Bloodlines
31:41 Imperial Age
30:21 Chain Barding Armor
32:10 Town Patrol
32:48 Iron Casting
33:50 Two-Man Saw
32:40 Elite Mameluke
33:41 Conscription
35:57 Blast Furnace
35:33 Plate Barding Armor
41:22 Heavy Camel Rider
48:26 Fletching
48:36 Padded Archer Armor
Ham Shank
5:30 Loom
11:30 Feudal Age
18:01 Castle Age
16:52 Double-Bit Axe
19:05 Bow Saw
25:33 Horse Collar
26:22 Stone Mining
30:54 Wheelbarrow
30:13 Town Watch
34:10 Imperial Age
32:44 Hand Cart
32:33 Heavy Plow
33:04 Fletching
34:26 Onager
36:13 Chemistry
36:10 Siege Onager
36:59 Siege Engineers
37:59 Gold Mining
38:51 Scale Mail Armor
39:02 Forging
39:16 Ballistics
39:07 Masonry
40:17 Conscription
41:41 Chain Mail Armor
42:02 Iron Casting
41:11 Pikeman
41:37 Gambesons
41:52 Squires
41:38 Arson
43:03 Plate Mail Armor
41:57 Halberdier
43:15 Capped Ram
44:07 Siege Ram
46:35 Elite Varangian Guard
49:29 Blast Furnace
48:12 Northmen's Fury
HAMADY
11:01 Feudal Age
9:19 Loom
11:04 Feudal Age
14:14 Fletching
17:43 Castle Age
18:23 Bodkin Arrow
21:08 Double-Bit Axe
25:56 Fortified Wall
32:13 Imperial Age
31:59 Horse Collar
42:48 Heavy Plow
43:01 Town Watch
43:58 Wheelbarrow
43:26 Elite Skirmisher
44:31 Bracer
47:27 Thumb Ring
48:27 Padded Archer Armor
49:47 Chemistry
50:04 Ballistics
JUNCAL
6:35 Loom
8:56 Feudal Age
9:24 Double-Bit Axe
11:26 Fletching
15:56 Horse Collar
22:01 Castle Age
21:02 Gold Mining
22:58 Bow Saw
24:38 Wheelbarrow
29:00 Hand Cart
33:25 Imperial Age
31:17 Scale Mail Armor
31:28 Forging
32:04 Masonry
36:04 Chemistry
34:27 Capped Ram
39:59 Pikeman
40:56 Chain Mail Armor
41:17 Iron Casting
40:52 Halberdier
42:33 Plate Mail Armor
meh
5:50 Loom
8:16 Feudal Age
13:42 Fletching
19:28 Town Watch
22:43 Castle Age
21:04 Horse Collar
21:21 Double-Bit Axe
23:43 Bodkin Arrow
29:56 Imperial Age
27:56 Gold Mining
29:34 Bow Saw
32:59 Two-Man Saw
33:34 Wheelbarrow
33:28 Shield Wall
34:39 Stone Mining
35:43 Scale Mail Armor
37:32 Chain Mail Armor
37:42 Conscription
37:06 Pikeman
39:55 Hand Cart
43:09 Two-Man Saw
41:36 Halberdier
42:24 Squires
42:12 Arson
42:39 Forging
43:48 Plate Mail Armor
46:00 Hoardings
46:04 Iron Casting
47:19 Gold Shaft Mining
47:46 Bracer
49:24 Elite Varangian Guard
kanservero1302
6:07 Loom
9:13 Feudal Age
9:57 Double-Bit Axe
12:41 Fletching
17:46 Gold Mining
20:13 Castle Age
18:48 Horse Collar
20:09 Stone Mining
21:13 Bow Saw
21:14 Bodkin Arrow
22:00 Wheelbarrow
22:50 Town Watch
24:29 Heavy Plow
24:44 Fervor
26:17 Stone Shaft Mining
30:50 Imperial Age
28:54 Scale Mail Armor
29:47 Forging
31:29 Masonry
32:01 Chain Mail Armor
32:22 Iron Casting
32:56 Chemistry
32:15 Squires
32:01 Arson
32:53 Conscription
33:03 Hand Cart
33:57 Hoardings
35:02 Plate Mail Armor
35:33 Blast Furnace
35:29 Scale Barding Armor
35:54 Cavalier
36:45 Bloodlines
37:11 Paladin
39:14 Chain Barding Armor
39:27 Crop Rotation
40:40 Plate Barding Armor
42:16 Crenellations
45:18 Ironclad
45:47 Town Patrol
47:07 Two-Man Saw
45:42 Elite Teutonic Knight
48:49 Padded Archer Armor
49:13 Ballistics
49:13 Bombard Tower
49:00 Siege Engineers
ToTheAnd
10:53 Feudal Age
14:32 Castle Age
13:34 Double-Bit Axe
13:30 Horse Collar
16:07 Bow Saw
19:31 Wheelbarrow
19:12 Loom
20:58 Heavy Plow
20:50 Gold Mining
21:21 Stone Mining
30:00 Imperial Age
27:17 Town Watch
28:20 Scale Barding Armor
28:27 Bloodlines
28:19 Husbandry
28:40 Marauders
29:12 Hand Cart
29:54 Chain Barding Armor
30:12 Forging
30:21 Forging
30:17 Elite Tarkan
32:04 Plate Barding Armor
32:24 Iron Casting
32:27 Conscription
35:29 Blast Furnace
34:20 Fletching
34:30 Padded Archer Armor
35:03 Bodkin Arrow
36:06 Leather Archer Armor
36:29 Ballistics
37:10 Chemistry
36:21 Masonry
35:36 Light Cavalry
36:31 Thumb Ring
35:49 Heavy Cavalry Archer
36:56 Parthian Tactics
36:15 Hussar
37:39 Bracer
42:53 Coinage
43:30 Two-Man Saw
46:39 Atheism
45:51 Sappers
Radamanthyssama
10:42 Feudal Age
9:01 Loom
14:40 Castle Age
14:20 Horse Collar
15:50 Wheelbarrow
15:44 Gold Mining
15:55 Gold Mining
22:42 Gold Shaft Mining
26:08 Scale Barding Armor
27:36 Padded Archer Armor
30:36 Husbandry
30:47 Bloodlines
34:45 Imperial Age
32:16 Stone Mining
33:42 Heavy Plow
34:26 Hand Cart
34:21 Fletching
34:43 Forging
36:18 Conscription
36:21 Elite Arambai
37:08 Pikeman
37:48 Squires
37:51 Scale Mail Armor
38:26 Iron Casting
37:46 Bodkin Arrow
39:08 Halberdier
41:47 Chain Mail Armor
42:32 Blast Furnace
41:34 Bracer
42:12 Elite Battle Elephant
43:25 Plate Mail Armor
43:15 Chain Barding Armor
47:08 Capped Ram
48:11 Ballistics
48:51 Chemistry
47:32 Treadmill Crane
48:02 Masonry
47:58 Siege Engineers
48:54 Town Watch
49:47 Plate Barding Armor
49:19 Manipur Cavalry
49:20 Howdah
Connection lost

Rejoining the realm…

Still unreachable

The connection could not be restored.

Session expired

The server has moved on; the page needs a fresh start.